 Dungeon Crawl Stone Soup version 0.28-a0-1236-gb25a51b929 (webtiles) character file.

Game seed: 13052565070566534144

89 quinnr the Gusty (level 4, -8/25 HPs)
             Began as a Tengu Air Elementalist on Dec 26, 2021.
             Was an Initiate of Vehumet.
             Killed from afar by an orc wizard (9 damage)
             ... with a magic dart
             ... on level 2 of the Dungeon.
             The game lasted 00:05:20 (3156 turns).

quinnr the Gusty (Tengu Air Elementalist)           Turns: 3156, Time: 00:05:21

Health: -8/25      AC:  2    Str:  5 (8)  XL:     4   Next: 55%
Magic:  8/9        EV: 13    Int: 17 (18) God:    Vehumet [......]
Gold:   101        SH:  0    Dex: 15 (16) Spells: 8/9 levels left

rFire   . . .      SeeInvis .   e - +0 dagger
rCold   . . .      Faith    .   (no shield)
rNeg    . . .      Spirit   .   a - +0 robe
rPois   .          Reflect  .   (helmet restricted)
rElec   .          Harm     .   (no cloak)
rCorr   .          Rampage  .   (no gloves)
Will    +....      Rnd*Tele +   (boots unavailable)
Stlth   +++.......              (no amulet)
HPRegen 0.08/turn               b - ring of willpower
MPRegen 0.11/turn               (no ring)

@: no status effects
A: beak, talons 3, thin skeletal structure 1, teleportitis 1
a: Renounce Religion


You were on level 2 of the Dungeon.
You worshipped Vehumet.
Vehumet was noncommittal.
You visited 1 branch of the dungeon, and saw 3 of its levels.

You collected 101 gold pieces.

Inventory:

Hand Weapons
 e - a +0 dagger (weapon)
Missiles
 h - 5 boomerangs
Armour
 a - a +0 robe (worn)
Jewellery
 b - a ring of willpower (left hand)
Scrolls
 c - 2 scrolls of amnesia {unknown}
 d - a scroll of summoning {unknown}
 f - 4 scrolls of enchant weapon {unknown}
 g - 3 scrolls of identify {unknown}
 k - 3 scrolls of holy word {unknown}
 m - a scroll of enchant armour {unknown}


   Skills:
 + Level 1.4 Fighting
 - Level 3.0 Dodging
 - Level 2.0 Stealth
 - Level 3.0 Spellcasting
 - Level 2.0 Conjurations
 + Level 4.7 Air Magic


You had 8 spell levels left.
You knew the following spells:

 Your Spells              Type           Power      Damage    Failure   Level
a - Shock                 Conj/Air       56%        1d6       4%          1

Your spell library contained the following spells:

 Spells                   Type           Power      Damage    Failure   Level
 Static Discharge         Conj/Air       14%        N/A       7%          2
 Swiftness                Air            18%        N/A       8%          3
 Airstrike                Air            9%         N/A       24%         4


Dungeon Overview and Level Annotations

Branches:
Dungeon (3/15)

Altars:
Vehumet


Innate Abilities, Weirdness & Mutations

You have a beak for a mouth.
You have claws for feet.
You have a somewhat thin skeletal structure. (Dex +2, Stealth+)
You are occasionally teleported next to monsters.


Message History

There is a stone staircase leading up here.
Something hits you.
* * * LOW HITPOINT WARNING * * *
You climb upwards.
Reactivating autopickup.
There is a stone staircase leading down here.
Unknown command.
Unknown command.
Unknown command.
Deactivating autopickup; reactivate with Ctrl-A.
You hit something but do no damage. You claw something.
Your peck misses something. Something hits you.
* * * LOW HITPOINT WARNING * * *
Unknown command.
It was a potion of degeneration.
There was something very wrong with that liquid.
You feel weakened.
You feel dopey.
You feel clumsy.
You hear some strange, mumbled words.
Something tries to affect you, but you resist.
It was a potion of mutation.
You feel extremely strange.
You feel weirdly uncertain.
Your bones become slightly less dense.
Something hits you.
* * * LOW HITPOINT WARNING * * *
Something hits you.
* * * LOW HITPOINT WARNING * * *
It was a potion of magic.
Magic courses through your body. Something hits you.
* * * LOW HITPOINT WARNING * * *
Unknown command.
Casting: Shock (safe; 4% risk of failure)
Confirm with . or Enter, or press ? or * to list all spells.
You can't see any susceptible monsters within range! (Use Z to cast anyway.)
Casting: Shock (safe; 4% risk of failure)
Confirm with . or Enter, or press ? or * to list all spells.
Aiming: Shock (safe; 4% risk of failure)
Press: ? - help, Shift-Dir - straight line, f - you The zap hits something.
You hear some strange, mumbled words.
A magic dart appears from out of thin air!
The magic dart hits you!
You die...

#.# #.# #.# #.# #####.# #.#####
#.# #...#.# ######...... #.#
#...#.##########...##......
#.#####...#.#....................
......#...#.#.###................
#.###.#...#.#.# #.####...##.####.
#.# #.'...#.#.###.####.........#.
#.#####...#.#>.{@..............#.
#.......#.#.#.###.#######.#....#.
#######<#...#.....#######.#....#.
##......##.............###.##.
#........'....................
#.......##............#####.##
#.......##............# #.##
#.......##............# #..#
#.#########.########### ##.#


There were no monsters in sight!

Vanquished Creatures
  4 adders
  3 dart slugs
  An orc (D:3)
  2 ball pythons
  2 endoplasms
  7 goblins
  7 hobgoblins
  2 jackals
  3 kobolds
  A quokka (D:2)
  5 bats
  2 frilled lizards
  6 rats
45 creatures vanquished.

Notes
Turn   | Place    | Note
-------+----------+-------------------------------------------
     0 | D:1      | quinnr the Tengu Air Elementalist began the quest for the
                  | Orb.
     0 | D:1      | Reached XP level 1. HP: 10/10 MP: 4/4
   360 | D:1      | Reached XP level 2. HP: 15/15 MP: 1/6
  1117 | D:2      | Reached XP level 3. HP: 12/20 MP: 1/7
  1823 | D:2      | You fall into a shaft and drop 1 floor!
  1854 | D:3      | Found a radiant altar of Vehumet.
  1860 | D:3      | HP: 2/20 [jackal (2)]
  2237 | D:3      | Reached skill level 1 in Fighting
  2246 | D:3      | Reached XP level 4. HP: 25/25 MP: 2/9
  2311 | D:3      | Became a worshipper of Vehumet
  3151 | D:2      | Gained mutation: You are occasionally teleported next to
                  | monsters. [potion of mutation]
  3151 | D:2      | Gained mutation: You have a somewhat thin skeletal
                  | structure. (Dex +2, Stealth+) [potion of mutation]
  3152 | D:2      | HP: 2/25 [something (2)]
  3156 | D:2      | Killed from afar by an orc wizard

Illustrated notes

Levels and vault maps discovered:
D:1:      eino_arrival_cavern_a, layout_loops_cross
D:2:      layout_basic
D:3:      minmay_diamond_boxcup, layout_basic, overflow_temple_1_default

Skill      XL: |  1  2  3  4 |
---------------+-------------+-----
Conjurations   | 2 |  2.0
Dodging        | 3 |  3.0
Fighting       | 1 |  1.4
Spellcasting   | 3 |  3.0
Stealth        | |  2.0
Air Magic      | |  4.7

Action                   |  1- 3 |  4- 6 || total
-------------------------+-------+-------++-------
Melee: Dagger            |    16 |     1 ||    17
       Peck              |     4 |       ||     4
       Kick              |     2 |     1 ||     3
 Cast: Shock             |    62 |    38 ||   100
  Use: Potion            |       |     3 ||     3
Armor: Robe              |    10 |     1 ||    11
Dodge: Dodged            |    41 |     8 ||    49

Table legend: (Time is in decaauts)
 A = Elapsed time spent in this place.
 B = Non-inter-level travel time spent in this place.
 C = Inter-level travel time spent in this place.
 D = Time resting spent in this place.
 E = Time spent auto-exploring this place.
 F = Levels seen in this place.
 G = Mean time per level.
                   A        B        C        D        E       F      G
               +--------+--------+--------+--------+--------+-----+--------+
         Total |   3160 |   3037 |    123 |    825 |   1841 |   3 | 1053.3 |
       Dungeon |   3160 |   3037 |    123 |    825 |   1841 |   3 | 1053.3 |
               +--------+--------+--------+--------+--------+-----+--------+

Top non-repeatable levels by time:
     D:1: 1385 daAuts
     D:2: 1350 daAuts
     D:3: 425 daAuts
